 Dungeon Crawl Stone Soup version 0.30-a0-292-g0f741e3f8e (webtiles) character file.

Game seed: 15909171703593486030

3425 chippings the Carver (level 10, -8/105 (106) HPs)
             Began as a Merfolk Gladiator on Oct 17, 2022.
             Was an Initiate of Yredelemnul.
             Shot with an arrow by a centaur warrior (21 damage)
             ... on level 8 of the Dungeon.
             The game lasted 00:16:24 (7305 turns).

chippings the Carver (Merfolk Gladiator)            Turns: 7305, Time: 00:16:25

HP:   -8/105 (106)  AC: 10    Str: 18    XL:     10   Next: 5%
MP:   12/12         EV: 17    Int:  7    God:    Yredelemnul [......]
Gold: 502           SH:  5    Dex: 19    Spells: 9/9 levels left

rFire   + . .      SeeInvis .    a - +0 long sword
rCold   . . .      Faith    .    (no shield)
rNeg    . . .      Spirit   .    D - +0 ring mail {rF+}
rPois   +          Reflect  +    c - +0 helmet
rElec   .          Harm     .    w - +2 cloak {Stlth+}
rCorr   .          Rampage  .    (no gloves)
Will    .....      Rage     3%   m - +0 pair of boots
Stlth   ..........               h - amulet of reflection
HPRegen 0.37/turn                F - +4 ring of evasion
MPRegen 0.13/turn                (no ring)

@: berserking, lightly drained, very quick
A: (nimble swimmer 2), mertail, berserk 1, poison resistance, strong 1
a: Renounce Religion, Recall Undead Harvest


You were on level 8 of the Dungeon.
You worshipped Yredelemnul.
Yredelemnul was noncommittal.
You visited 2 branches of the dungeon, and saw 9 of its levels.

You collected 502 gold pieces.

Inventory:

Hand Weapons
 a - a +0 long sword (weapon)
Missiles
 d - 2 throwing nets
 e - 4 javelins
 g - 14 poisoned darts (quivered)
Armour
 c - a +0 helmet (worn)
 m - a +0 pair of boots (worn)
 w - a +2 cloak of stealth (worn)
 D - a +0 ring mail of fire resistance (worn)
Magical Staves
 b - a staff of poison
 C - a staff of death
Jewellery
 h - an amulet of reflection (around neck)
 k - a ring of flight
 F - a +4 ring of evasion (left hand)
Wands
 t - a wand of digging (6)
 v - a wand of charming (21)
 x - a wand of flame (22)
 E - a wand of iceblast (25)
Scrolls
 i - 2 scrolls of noise {unknown}
 j - a scroll of enchant armour {unknown}
 l - 2 scrolls of amnesia {unknown}
 n - 2 scrolls of torment {unknown}
 r - 2 scrolls of brand weapon {unknown}
 s - 6 scrolls of magic mapping {unknown}
 u - 8 scrolls of teleportation {unknown}
 y - 6 scrolls of identify {unknown}
 z - 3 scrolls of fear {unknown}
 G - a scroll of poison {unknown}
Potions
 f - 2 potions of attraction
 o - a potion of degeneration
 p - a potion of brilliance
 q - 2 potions of mutation
 A - a potion of haste
 B - a potion of heal wounds


   Skills:
 - Level 4.0 Fighting
 + Level 12.7 Long Blades
 - Level 6.0 Throwing
 - Level 4.0 Dodging
 + Level 7.2 Stealth
 + Level 2.9 Invocations


You had 9 spell levels left.
You didn't know any spells.
Your spell library contained the following spells:

 Spells                   Type           Power      Damage    Failure   Level
 Freeze                   Ice            0%         1d3       63%         1
 Shock                    Conj/Air       0%         1d3       63%         1
 Cigotuvi's Dreadful Rot  Necr/Pois/Air  0%         N/A       77%         2
 Poisonous Vapours        Pois/Air       0%         N/A       77%         2
 Frozen Ramparts          Ice            0%         1d1       94%         3
 Hailstorm                Conj/Ice       0%         3d3       94%         3
 Ignite Poison            Fire/Tmut/Pois 0%         N/A       94%         3
 Kindle Blastsparks       Fire/Tloc/Air  0%         2d10      94%         3
 Mephitic Cloud           Conj/Pois/Air  0%         N/A       94%         3
 Swiftness                Air            0%         N/A       94%         3
 Airstrike                Air            0%         2d(0-16)  100%        4
 Freezing Cloud           Conj/Ice/Air   0%         6-21      100%        5


Dungeon Overview and Level Annotations

Branches:
Dungeon (8/15)             Temple (1/1) D:4
   Lair: D:8-11

Altars:
Ashenzari
Dithmenos
Elyvilon
Fedhas
Gozag
Hepliaklqana
Kikubaaqudgha
Makhleb
Nemelex Xobeh
Okawaru
Qazlal
Ru
Sif Muna
Trog
Uskayaw
Vehumet
Wu Jian
Xom
Yredelemnul
Zin
The Shining One

Shops:
D:3 :   D:4 =

Annotations:
D:3 2 transporters, freelancePsychic's ghost, amateur AtCj


Innate Abilities, Weirdness & Mutations

((You are very nimble when in or above water. (Stealth+, EV+, Speed+++)))
Your lower body shifts to a powerful aquatic tail in water.
You sometimes lose your temper in combat.
Your system is resistant to poisons. (rPois)
Your muscles are strong. (Str +4, Int/Dex -1)


Message History

An arrow appears from out of your range of vision.
The arrow hits your troll zombie!
You hit something. Something closely misses you. Something hits you.
You hear a loud twanging sound.
An arrow appears from out of your range of vision.
The arrow hits your troll zombie!!
Your troll zombie is destroyed!
The necrophage hits you.
Unknown command.
You miss something. Something hits you but does no damage.
Your orc wizard zombie hits something but does no damage.
A centaur warrior comes into view. It is wielding a +0 longbow.
Unknown command.
A red film seems to cover your vision as you go berserk!
You feel yourself moving faster!
You feel mighty!
The centaur warrior shouts!
You hit something. Something hits you but does no damage.
You block the necrophage's attack.
The centaur warrior shoots an arrow.
The arrow hits you!
Your orc wizard zombie closely misses something.
Something hits your orc wizard zombie.
You barely miss something. Something hits you but does no damage.
The centaur warrior shoots an arrow.
The arrow closely misses you.
The arrow hits the necrophage!
You block the necrophage's attack.
You barely miss something. Something hits you but does no damage.
Something hits your orc wizard zombie!
The centaur warrior shoots an arrow.
The arrow hits you.
You slash the necrophage!
The necrophage is almost destroyed.
Something hits you. The necrophage hits you.
You feel drained.
You slash the necrophage!
You destroy the necrophage!
Something completely misses you.
The centaur warrior shoots an arrow.
The arrow hits you!
* * * LOW HITPOINT WARNING * * *
You slash something! Something hits you.
* * * LOW HITPOINT WARNING * * *
The centaur warrior shoots an arrow.
The arrow hits you!!
You die...
Your body rises from the dead as a mindless zombie.

###.#.###############
###<#....##.......#
########.##.......#
########Z##.......#
########..ZZ......# )..
######.......# # #.#
### #.......#
#.##.##c##Z###
#.......#
)........@.###
#####.#####
#.##.##.##{### #.##...
# ##.##?#########.##...
#...######.)....##...
####.#######.......+...
#.##.##.####......##...
#...))...'........##...
#.##.##.####......##...
####)#######......#####


You could see a centaur warrior and a friendly orc wizard zombie.

Vanquished Creatures
  A troll (D:8)
  Sigmund (D:2)
  3 water moccasins
  Duvessa (D:7)
  2 orc warriors (D:8)
  2 black bears
  An ice beast (D:6)
  2 sky beasts
  An ogre (D:5)
  3 centaurs (D:8)
  2 phantoms
  2 bullfrogs (D:8)
  2 necrophages
  2 scorpions
  A gnoll sergeant (D:6)
  Dowan (D:7)
  An electric eel (D:7)
  3 jellies
  5 hounds
  4 orc priests
  Crazy Yiuf (D:2)
  Terence (D:2)
  2 iguanas
  3 orc wizards
  6 gnolls
  6 adders
  A shadow imp (D:3)
  2 white imps (D:6)
  2 ufetubi
  A worm (D:3)
  8 dart slugs
  22 orcs
  6 ball pythons
  4 endoplasms
  3 giant cockroaches
  7 goblins
  7 hobgoblins
  2 jackals (D:2)
  3 quokkas
  5 bats
  3 frilled lizards
  10 kobolds
  5 rats
150 creatures vanquished.

Vanquished Creatures (collateral kills)
  2 ogres
  A gnoll (D:6)
  A shadow imp (D:5)
  A white imp (D:6)
  A dart slug (D:7)
6 creatures vanquished.

Vanquished Creatures (others)
  A troll zombie (D:8)
  4 orc zombies
  2 adder zombies
  A dart slug (D:7)
  An endoplasm zombie (D:4)
  2 gnoll zombies
  A kobold zombie (D:4)
  A spectral ufetubus (D:7)
  11 plants (D:8)
24 creatures vanquished.

Grand Total: 180 creatures vanquished

Notes
Turn   | Place    | Note
-------+----------+-------------------------------------------
     0 | D:1      | chippings the Merfolk Gladiator began the quest for the
                  | Orb.
     0 | D:1      | Reached XP level 1. HP: 16/16 MP: 1/1
   150 | D:1      | Reached XP level 2. HP: 23/23 MP: 2/2
   162 | D:1      | Reached skill level 4 in Long Blades
   351 | D:1      | Reached XP level 3. HP: 29/29 MP: 3/3
   650 | D:3      | Found a transporter.
   749 | D:2      | Reached XP level 4. HP: 33/36 MP: 4/4
   982 | D:2      | Noticed Sigmund
   989 | D:2      | Killed Sigmund
   990 | D:2      | Reached skill level 6 in Long Blades
   990 | D:2      | Reached XP level 5. HP: 39/42 MP: 5/5
   990 | D:2      | Reached XP level 6. HP: 44/48 MP: 6/6
  1310 | D:2      | Noticed Terence
  1328 | D:2      | Killed Terence
  1329 | D:2      | Reached skill level 7 in Long Blades
  1513 | D:2      | Found a runed translucent door.
  1514 | D:2      | Noticed Crazy Yiuf
  1524 | D:2      | Killed Crazy Yiuf
  1525 | D:2      | Reached skill level 1 in Stealth
  1701 | D:3      | Found a transporter.
  1733 | D:3      | Noticed freelancePsychic's ghost (amateur AtCj)
  1866 | D:3      | Found Dulyoreh's Book Shop.
  1933 | D:3      | Found a faded altar of an unknown god.
  2220 | D:4      | Found a basalt altar of Yredelemnul.
  2236 | D:4      | Became a worshipper of Yredelemnul the Dark
  2276 | D:4      | Found a staircase to the Ecumenical Temple.
  2281 | D:4      | Reached XP level 7. HP: 54/54 MP: 7/7
  2336 | Temple   | Entered the Ecumenical Temple
  2902 | D:4      | Found a shimmering altar of Xom.
  3109 | D:4      | Found Vamuni's Jewellery Emporium.
  3189 | D:5      | Entered Level 5 of the Dungeon
  3391 | D:5      | Reached skill level 8 in Long Blades
  3506 | D:5      | Reached * piety under Yredelemnul
  3649 | D:5      | Reached XP level 8. HP: 40/60 MP: 8/8
  4275 | D:6      | Reached skill level 9 in Long Blades
  4275 | D:6      | Reached skill level 5 in Throwing
  4502 | D:6      | Found a broken altar of Ashenzari.
  4801 | D:6      | Reached skill level 10 in Long Blades
  5025 | D:6      | Found a hide-covered altar of Uskayaw.
  5246 | D:6      | Found a shimmering blue altar of Sif Muna.
  5246 | D:6      | Found an ornate altar of the Wu Jian Council.
  5268 | D:6      | Reached XP level 9. HP: 34/65 MP: 9/9
  5454 | D:7      | Reached skill level 11 in Long Blades
  6072 | D:7      | Noticed Duvessa
  6072 | D:7      | Noticed Dowan
  6076 | D:7      | Killed Dowan
  6090 | D:7      | Gained mutation: Your muscles are strong. (Str +4, Int/Dex
                  | -1) [potion of mutation]
  6090 | D:7      | Gained mutation: You sometimes lose your temper in combat.
                  | [potion of mutation]
  6090 | D:7      | Gained mutation: Your system is resistant to poisons.
                  | (rPois) [potion of mutation]
  6102 | D:7      | Killed Duvessa
  6103 | D:7      | Reached skill level 5 in Stealth
  6514 | D:8      | Reached skill level 12 in Long Blades
  6910 | D:8      | Noticed a troll
  6922 | D:8      | Killed a troll
  6923 | D:8      | Reached skill level 1 in Invocations
  7244 | D:8      | Reached XP level 10. HP: 71/71 MP: 11/11
  7299 | D:8      | Noticed a centaur warrior
  7305 | D:8      | Shot with an arrow by a centaur warrior

Illustrated notes

Levels and vault maps discovered:
D:1:      shiori_arrival_oz, layout_rooms, minmay_close_crescents
D:2:      kb_forest_paths, layout_rooms, nicolae_elevator_lobby_plus,
          uniq_crazy_yiuf_cottage, uniq_sigmund, uniq_terence
D:3:      layout_rooms, ebering_ecumenical_altar_hall, serial_shops,
          shop_statue, gammafunk_ghost_stat_death
D:4:      layout_cave_pods, general_overflow_altar, lemuel_crystal_altar,
          minmay_temple_entry_glass, serial_shops, nicolae_shop_trees,
          chequers_serial_rivers_small_b
D:5:      layout_loops_ring
D:6:      layout_loops_ring, amethyst_overflow_temple_binary,
          nicolae_overflow_squiral
D:7:      kennysheep_slugbush, layout_loops_cross, uniq_duvessa
D:8:      hangedman_cross_veins, layout_basic, kennysheep_boxes
Temple:   minmay_freezing_vapour_temple

Skill      XL: |  1  2  3  4  5  6  7  8  9 10 |
---------------+-------------------------------+-----
Long Blades    | 4 6 7 8 10 12 | 12.7
Fighting       | 3 4 |  4.0
Stealth        | 2 4 6 7 |  7.2
Throwing       | 3 4 6 |  6.0
Invocations    | 2 |  2.9
Dodging        | |  4.0

Action                   |  1- 3 |  4- 6 |  7- 9 | 10-12 || total
-------------------------+-------+-------+-------+-------++-------
Melee: Long sword        |    96 |   159 |   392 |    26 ||   673
       Punch             |       |     2 |     9 |       ||    11
Throw: Throwing net      |       |     4 |       |       ||     4
Invok: Recall Undead Har |       |       |     2 |       ||     2
  Use: Potion            |       |     1 |    11 |       ||    12
 Stab: Sleeping          |     1 |       |     8 |       ||     9
       Held in net/web   |       |     2 |       |       ||     2
       Invisible         |       |       |     4 |       ||     4
       Distracted        |       |       |     1 |       ||     1
Armor: Leather armour    |    13 |       |       |       ||    13
       Plate armour      |    13 |   121 |   181 |       ||   315
       Ring mail         |       |       |    23 |    14 ||    37
       Skin              |       |       |     8 |       ||     8
Dodge: Dodged            |    43 |    35 |   106 |    15 ||   199
Block: Other             |    20 |    50 |    84 |    11 ||   165
       Reflection        |       |       |     4 |       ||     4

Table legend: (Time is in decaauts)
 A = Elapsed time spent in this place.
 B = Non-inter-level travel time spent in this place.
 C = Inter-level travel time spent in this place.
 D = Time resting spent in this place.
 E = Time spent auto-exploring this place.
 F = Levels seen in this place.
 G = Mean time per level.
                   A        B        C        D        E       F      G
               +--------+--------+--------+--------+--------+-----+--------+
         Total |   7276 |   7185 |     91 |    233 |   4732 |   9 |  808.4 |
       Dungeon |   7252 |   7161 |     91 |    233 |   4732 |   8 |  906.5 |
        Temple |     23 |     23 |      0 |      0 |      0 |   1 |   23.0 |
               +--------+--------+--------+--------+--------+-----+--------+

Top non-repeatable levels by time:
     D:6: 1370 daAuts
     D:4: 1154 daAuts
     D:7: 956 daAuts
     D:2: 878 daAuts
     D:5: 873 daAuts
     D:8: 859 daAuts
     D:3: 634 daAuts
     D:1: 525 daAuts
  Temple: 23 daAuts
